PBL
CHICAGO CUBS @ MILWAUKEE BREWERS
06/03/2071
 
TOP OF THE 1ST
Chicago Cubs batting - Pitching for Milwaukee Brewers : RHP Gene Pappas
Pitching: RHP Gene Pappas
Batting: LHB Orlando Melero 0-0: Called Strike
0-1: Ball
1-1: Fly out, F5 (Line Drive, 5, EV 68.8 MPH)
Batting: RHB Chee-hwa Foong 0-0: Ball
1-0: Ball
2-0: SINGLE (Groundball, 6MD, EV 100.6 MPH)
Batting: SHB George Moore 0-0: Called Strike
0-1: Foul Ball, location: 7LSF
0-2: Foul Ball, location: 9LSF
0-2: Foul Ball, location: 2F
0-2: Ball
1-2: Strikes out swinging
Batting: RHB Iván Valpreda 0-0: Ball
1-0: SINGLE (Line Drive, 4MD, EV 100.0 MPH)
Chee-hwa Foong to second
Runner from 2nd tries for 3rd, SAFE, no throw by CF
Batting: RHB Pedro Hernández 0-0: Ball
1-0: Called Strike
1-1: Ball
2-1: Fly out, F9 (Flyball, 9, EV 93.1 MPH)
Top of the 1st over - 0 runs, 2 hits, 0 errors, 2 left on base; Chicago 0 - Milwaukee 0
BOTTOM OF THE 1ST
Milwaukee Brewers batting - Pitching for Chicago Cubs : LHP Jason Gilbert
Pitching: LHP Jason Gilbert
Batting: RHB Steve Sloan 0-0: Called Strike
0-1: Swinging Strike
0-2: Ball
1-2: Ball
2-2: SINGLE (Line Drive, 6M, EV 101.9 MPH)
Batting: SHB Yang Siu 0-0: Ball
1-0: Foul Ball, location: 5F
1-1: SINGLE (Groundball, 6MD, EV 109.4 MPH)
Steve Sloan to second
Batting: RHB Steve White 0-0: Swinging Strike
0-1: Called Strike
0-2: Ball
1-2: Ball
2-2: Ball
3-2: Fly out, F8 (Line Drive, 8RD, EV 108.1 MPH)
Batting: LHB Santiago Romero 0-0: Called Strike
0-1: 3-RUN HOME RUN (Flyball, 7LD, EV 94.4 MPH), Distance : 358 ft
Batting: LHB John Brosseau 0-0: Ball
1-0: Ball
2-0: Reached on error, E5 (Groundball, 56S, EV 63.8 MPH)
Batting: LHB Roberto Rodríguez 0-0: Ball
1-0: Swinging Strike
1-1: Swinging Strike
1-2: Strikes out swinging
Batting: LHB Ron McBride 0-0: Ball
1-0: SINGLE (Groundball, 4MD, EV 95.0 MPH)
John Brosseau to second
Runner from 2nd tries for 3rd, SAFE, no throw by CF
Batting: LHB Stanley Hawkins 0-0: Called Strike
0-1: Ball
1-1: Foul Ball, location: 2F
1-2: Ball
2-2: Ball
3-2: Base on Balls
Ron McBride to second
Batting: RHB Pedro Gómez 0-0: Fielders Choice at 3rd, U5 (Groundball, 5, EV 88.8 MPH)
Bottom of the 1st over - 3 runs, 4 hits, 1 error, 2 left on base; Chicago 0 - Milwaukee 3
TOP OF THE 2ND
Chicago Cubs batting - Pitching for Milwaukee Brewers : RHP Gene Pappas
Batting: RHB Robert Picot 0-0: Called Strike
0-1: Ball
1-1: Ground out 6-3 (Groundball, 6, EV 83.1 MPH)
Batting: LHB Larry Johnson 0-0: Called Strike
0-1: SINGLE (Flyball, 9S, EV 87.5 MPH)
Batting: RHB José Rodríguez 0-0: Ball
1-0: Called Strike
1-1: SINGLE (Line Drive, 6D, EV 108.8 MPH)
Larry Johnson to second
Batting: RHB Eddie Brown 0-0: Swinging Strike
0-1: Ball
1-1: Called Strike
1-2: Ball
2-2: SINGLE (Flyball, 4D, EV 88.1 MPH)
Larry Johnson to third
José Rodríguez to second
Batting: LHB Orlando Melero 0-0: Ball
1-0: Ball
2-0: DOUBLE (Line Drive, 89D, EV 107.5 MPH)
Larry Johnson scores
José Rodríguez scores
Eddie Brown to third
Runner from 3rd tries for Home, SAFE, no throw by RF
Batting: RHB Chee-hwa Foong 0-0: Ball
Wild Pitch!
Orlando Melero to third
1-0: Fly out, F7 (Flyball, 78S, EV 92.5 MPH)
Runner from 3rd tags up, SCORES, throw by LF
Batting: SHB George Moore 0-0: Ball
1-0: Called Strike
1-1: Ball
2-1: Ball
3-1: Base on Balls
Batting: RHB Iván Valpreda 0-0: Foul Ball, location: 2F
0-1: Ball
1-1: Ground out 5-3 (Groundball, 56S, EV 62.5 MPH)
Top of the 2nd over - 4 runs, 4 hits, 0 errors, 1 left on base; Chicago 4 - Milwaukee 3
BOTTOM OF THE 2ND
Milwaukee Brewers batting - Pitching for Chicago Cubs : LHP Jason Gilbert
Batting: RHB Steve Sloan 0-0: Ball
1-0: Ball
2-0: Ball
3-0: Base on Balls
Batting: SHB Yang Siu 0-0: Called Strike
0-1: Called Strike
0-2: Ball
1-2: Foul Ball, location: 9LSF
1-2: Ball
2-2: Foul Ball, location: 2F
2-2: Ball
3-2: SINGLE (Line Drive, 8LS, EV 105.6 MPH)
Steve Sloan to second
Batting: RHB Steve White 0-0: Ball
1-0: Fielders Choice at 2nd, 3-6 (Groundball, 34, EV 85.0 MPH)
Steve Sloan to third
Batting: LHB Santiago Romero 0-0: Foul Ball, location: 3FF
0-1: Ball
1-1: Ball
2-1: Grounds into double play, 4-6-3 (Groundball, 34, EV 91.9 MPH)
Bottom of the 2nd over - 0 runs, 1 hit, 0 errors, 1 left on base; Chicago 4 - Milwaukee 3
TOP OF THE 3RD
Chicago Cubs batting - Pitching for Milwaukee Brewers : RHP Gene Pappas
Batting: RHB Pedro Hernández 0-0: Called Strike
0-1: Swinging Strike
0-2: Ground out 5-3 (Groundball, 56, EV 105.6 MPH)
Batting: RHB Robert Picot 0-0: Called Strike
0-1: Foul Ball, location: 7LSFF
0-2: Ball
1-2: Foul Ball, location: 5F
1-2: Foul Ball, location: 9LDF
1-2: SINGLE (Groundball, 6MD, EV 103.8 MPH)
Batting: LHB Larry Johnson 0-0: Ball
1-0: Called Strike
1-1: Swinging Strike
1-2: Strikes out swinging
Batting: RHB José Rodríguez 0-0: Ball
1-0: Ball
2-0: Ball
3-0: Called Strike
3-1: DOUBLE (Flyball, 89XD, EV 111.9 MPH)
Robert Picot to third
Runner from 3rd tries for Home, SAFE, throw by CF to trailing runner, SAFE at third!
Pitching: LHP Emílio Ruíz
Batting: RHB Eddie Brown 0-0: Called Strike
0-1: Foul Ball, location: 7LDF
0-2: 2-RUN HOME RUN (Flyball, 7D, EV 97.5 MPH), Distance : 377 ft
Batting: LHB Orlando Melero 0-0: Ball
1-0: Foul Ball, location: 5F
1-1: Swinging Strike
1-2: Ball
2-2: Ground out 5-3 (Groundball, 15, EV 85.6 MPH)
Top of the 3rd over - 3 runs, 3 hits, 0 errors, 0 left on base; Chicago 7 - Milwaukee 3
BOTTOM OF THE 3RD
Milwaukee Brewers batting - Pitching for Chicago Cubs : LHP Jason Gilbert
Batting: LHB John Brosseau 0-0: Ball
1-0: Swinging Strike
1-1: Ball
2-1: Foul Ball, location: 2F
2-2: Ground out 4-3 (Groundball, 4, EV 84.4 MPH)
Batting: LHB Roberto Rodríguez 0-0: Ball
1-0: Ball
2-0: Ball
3-0: Foul Ball, location: 23FF
3-1: Base on Balls
Batting: LHB Ron McBride 0-0: Swinging Strike
0-1: Foul Ball, location: 7LSFF
0-2: Foul Ball, location: 9LMFF
0-2: Strikes out swinging
Batting: LHB Stanley Hawkins 0-0: Foul Ball, location: 5FF
0-1: Swinging Strike
0-2: Ground out 4-3 (Groundball, 34, EV 83.8 MPH)
Bottom of the 3rd over - 0 runs, 0 hits, 0 errors, 1 left on base; Chicago 7 - Milwaukee 3
TOP OF THE 4TH
Chicago Cubs batting - Pitching for Milwaukee Brewers : LHP Emílio Ruíz
Batting: RHB Chee-hwa Foong 0-0: Ball
1-0: Called Strike
1-1: Ball
2-1: Ground out 5-3 (Groundball, 56S, EV 85.6 MPH)
Batting: SHB George Moore 0-0: Swinging Strike
0-1: Ball
1-1: Called Strike
1-2: Foul Ball, location: 2F
1-2: Ball
2-2: Foul Ball, location: 7LSF
2-2: Strikes out looking
Batting: RHB Iván Valpreda 0-0: Ball
1-0: Ball
2-0: Called Strike
2-1: Foul Ball, location: 9LSF
2-2: Ball
3-2: Ground out 6-3 (Groundball, 6S, EV 81.9 MPH)
Top of the 4th over - 0 runs, 0 hits, 0 errors, 0 left on base; Chicago 7 - Milwaukee 3
BOTTOM OF THE 4TH
Milwaukee Brewers batting - Pitching for Chicago Cubs : LHP Jason Gilbert
Batting: RHB Pedro Gómez 0-0: SINGLE (Groundball, 6D, EV 100.6 MPH)
Batting: RHB Steve Sloan 0-0: Fly out, F6 (Popup, 6M, EV 52.5 MPH)
Batting: SHB Yang Siu 0-0: Ball
1-0: Foul Ball, location: 9LSF
1-1: Ball
2-1: Ball
3-1: Base on Balls
Pedro Gómez to second
Batting: RHB Steve White 0-0: Called Strike
0-1: Foul Ball, location: 9LSF
0-2: Foul Ball, location: 2F
0-2: Ball
1-2: Ball
2-2: Ball
3-2: Base on Balls
Pedro Gómez to third
Yang Siu to second
Pitching: RHP Michael Riley
Batting: LHB Santiago Romero 0-0: Called Strike
0-1: Ball
1-1: Swinging Strike
1-2: Fly out, F8 (Flyball, 8RM, EV 89.4 MPH)
Runner from 3rd tags up, SCORES, throw by CF
Batting: LHB John Brosseau 0-0: Ball
1-0: Ball
2-0: Ball
3-0: Foul Ball, location: 5F
3-1: Reached on error, E5 (Groundball, 56, EV 110.6 MPH)
Yang Siu to third
Steve White to second
Batting: LHB Roberto Rodríguez 0-0: Swinging Strike
0-1: Ball
1-1: Ball
2-1: Called Strike
2-2: Ball
3-2: Base on Balls
Yang Siu scores
Steve White to third
John Brosseau to second
Batting: LHB Ron McBride 0-0: Ball
1-0: GRAND SLAM HOME RUN (Flyball, 89XD, EV 97.5 MPH), Distance : 408 ft
Pitching: RHP Walton Strickland
Batting: LHB Stanley Hawkins 0-0: Ball
1-0: Foul Ball, location: 2F
1-1: SINGLE (Line Drive, 89S, EV 90.0 MPH)
Batting: RHB Pedro Gómez 0-0: Ball
1-0: Ball
2-0: Ball
3-0: Called Strike
3-1: Foul Ball, location: 2F
3-2: Fly out, F9 (Flyball, 89M, EV 91.9 MPH)
Bottom of the 4th over - 6 runs, 3 hits, 1 error, 1 left on base; Chicago 7 - Milwaukee 9
TOP OF THE 5TH
Chicago Cubs batting - Pitching for Milwaukee Brewers : LHP Emílio Ruíz
Batting: RHB Pedro Hernández 0-0: Called Strike
0-1: Swinging Strike
0-2: Ball
1-2: Foul Ball, location: 5SF
1-2: Ball
2-2: Ball
3-2: Fly out, F4 (Popup, 4M, EV 63.1 MPH)
Batting: RHB Robert Picot 0-0: Ball
1-0: Ground out 6-3 (Groundball, 6, EV 101.9 MPH)
Batting: LHB Larry Johnson 0-0: Ball
1-0: Foul Ball, location: 7LSF
1-1: Ground out U3 (Groundball, 3, EV 102.5 MPH)
Top of the 5th over - 0 runs, 0 hits, 0 errors, 0 left on base; Chicago 7 - Milwaukee 9
BOTTOM OF THE 5TH
Milwaukee Brewers batting - Pitching for Chicago Cubs : RHP Walton Strickland
Batting: RHB Steve Sloan 0-0: Called Strike
0-1: Swinging Strike
0-2: Foul Ball, location: 2F
0-2: Ball
1-2: Ball
2-2: SINGLE (Groundball, 34D, EV 103.8 MPH)
Batting: SHB Yang Siu 0-0: Fly out, F5 (Popup, 56S, EV 82.5 MPH)
Batting: RHB Steve White 0-0: Called Strike
0-1: Foul Ball, location: 9LSF
0-2: Strikes out swinging
Batting: LHB Santiago Romero 0-0: Ball
1-0: Ball
2-0: Called Strike
2-1: Swinging Strike
2-2: Ball
3-2: Base on Balls
Steve Sloan to second
Batting: LHB John Brosseau 0-0: Foul Ball, location: 7LMF
0-1: Called Strike
0-2: Strikes out swinging
Bottom of the 5th over - 0 runs, 1 hit, 0 errors, 2 left on base; Chicago 7 - Milwaukee 9
TOP OF THE 6TH
Chicago Cubs batting - Pitching for Milwaukee Brewers : LHP Emílio Ruíz
Batting: RHB José Rodríguez 0-0: Ball
1-0: Ground out 5-3 (Groundball, 5S, EV 89.4 MPH)
Pitching: RHP George Thomas
Pinch Hitting: LHB Yan Peltier 0-0: Fly out, F8 (Flyball, 8RS, EV 87.5 MPH)
Batting: LHB Orlando Melero 0-0: Ball
1-0: Swinging Strike
1-1: Ball
2-1: Swinging Strike
2-2: Fly out, F6 (Popup, 15, EV 78.1 MPH)
Top of the 6th over - 0 runs, 0 hits, 0 errors, 0 left on base; Chicago 7 - Milwaukee 9
BOTTOM OF THE 6TH
Milwaukee Brewers batting - Pitching for Chicago Cubs : RHP Walton Strickland
Pitching: RHP Ricardo Ramírez
Now at SS: Jesús Mora
Batting: LHB Roberto Rodríguez 0-0: Called Strike
0-1: Ball
1-1: Swinging Strike
1-2: Foul Ball, location: 2F
1-2: Foul Ball, location: 7LDF
1-2: Ball
2-2: Foul Ball, location: 2F
2-2: Strikes out swinging
Batting: LHB Ron McBride 0-0: Called Strike
0-1: Ball
1-1: Foul Ball, location: 7LMF
1-2: Ball
2-2: Foul Ball, location: 5DF
2-2: Strikes out swinging
Batting: LHB Stanley Hawkins 0-0: Called Strike
0-1: Called Strike
0-2: Strikes out swinging
Bottom of the 6th over - 0 runs, 0 hits, 0 errors, 0 left on base; Chicago 7 - Milwaukee 9
TOP OF THE 7TH
Chicago Cubs batting - Pitching for Milwaukee Brewers : RHP George Thomas
Pitching: RHP Javier Castro
Batting: RHB Chee-hwa Foong 0-0: Ground out 6-3 (Groundball, 6, EV 90.0 MPH)
Batting: SHB George Moore 0-0: Ball
1-0: Ball
2-0: Called Strike
2-1: Swinging Strike
2-2: Ground out 4-3 (Groundball, 4, EV 90.0 MPH)
Batting: RHB Iván Valpreda 0-0: Ball
1-0: Ball
2-0: Fly out, F8 (Flyball, 89D, EV 108.1 MPH)
Top of the 7th over - 0 runs, 0 hits, 0 errors, 0 left on base; Chicago 7 - Milwaukee 9
BOTTOM OF THE 7TH
Milwaukee Brewers batting - Pitching for Chicago Cubs : RHP Ricardo Ramírez
Batting: RHB Pedro Gómez 0-0: Ball
1-0: Ground out 6-3 (Groundball, 6, EV 109.4 MPH)
Batting: RHB Steve Sloan 0-0: Ball
1-0: Foul Ball, location: 9LSFF
1-1: Fly out, F4 (Line Drive, 4, EV 74.4 MPH)
Batting: SHB Yang Siu 0-0: Foul Ball, location: 7LSF
0-1: Swinging Strike
0-2: Ball
1-2: Strikes out swinging
Bottom of the 7th over - 0 runs, 0 hits, 0 errors, 0 left on base; Chicago 7 - Milwaukee 9
TOP OF THE 8TH
Chicago Cubs batting - Pitching for Milwaukee Brewers : RHP Javier Castro
Now at 1B: Roberto Rodríguez
Now in LF: Stanley Hawkins
Now in RF: Bradley Irwin
Batting: RHB Pedro Hernández 0-0: Foul Ball, location: 25FF
0-1: Ball
1-1: Ground out 4-3 (Groundball, 4M, EV 102.5 MPH)
Batting: RHB Robert Picot 0-0: Fly out, F5 (Popup, 56, EV 57.5 MPH)
Batting: LHB Larry Johnson 0-0: Swinging Strike
0-1: Swinging Strike
0-2: Strikes out swinging
Top of the 8th over - 0 runs, 0 hits, 0 errors, 0 left on base; Chicago 7 - Milwaukee 9
BOTTOM OF THE 8TH
Milwaukee Brewers batting - Pitching for Chicago Cubs : RHP Ricardo Ramírez
Pitching: LHP Jemi Hudson
Batting: RHB Steve White 0-0: Called Strike
0-1: Ball
1-1: Called Strike
1-2: Foul Ball, location: 3SF
1-2: Ball
2-2: Strikes out swinging
Batting: LHB Santiago Romero 0-0: Called Strike
0-1: Ball
1-1: Foul Ball, location: 25F
1-2: Fly out, F8 (Flyball, 8RXD, EV 106.3 MPH)
Batting: LHB John Brosseau 0-0: Foul Ball, location: 3F
0-1: Ground out 4-3 (Groundball, 4, EV 91.9 MPH)
Bottom of the 8th over - 0 runs, 0 hits, 0 errors, 0 left on base; Chicago 7 - Milwaukee 9
TOP OF THE 9TH
Chicago Cubs batting - Pitching for Milwaukee Brewers : RHP Javier Castro
Batting: RHB José Rodríguez 0-0: Foul Ball, location: 9LDF
0-1: Called Strike
0-2: Ground out 5-3 (Groundball, 56S, EV 91.3 MPH)
Batting: SHB Jesús Mora 0-0: Ball
1-0: Called Strike
1-1: Called Strike
1-2: Ball
2-2: Ball
3-2: Foul Ball, location: 7LDF
3-2: Base on Balls
Pitching: RHP Joey Simons
Batting: LHB Orlando Melero 0-0: Ball
1-0: Foul Ball, location: 3DF
1-1: Ball
2-1: Fly out, F8 (Flyball, 78S, EV 86.3 MPH)
Batting: RHB Chee-hwa Foong 0-0: Called Strike
0-1: Ball
1-1: Ball
2-1: SINGLE (Groundball, 6, EV 86.3 MPH)
Jesús Mora to second
Pinch Runner at 2nd Ángelo Chávez:
Batting: SHB George Moore 0-0: Foul Ball, location: 3F
0-1: Foul Ball, location: 23FF
0-2: Ball
1-2: Ball
2-2: Strikes out swinging
Top of the 9th over - 0 runs, 1 hit, 0 errors, 2 left on base; Chicago 7 - Milwaukee 9
Saturday, April 20th , 2024 - OOTP Baseball 24.10 Build 82